 Dungeon Crawl Stone Soup version 0.28-a0-983-g1de4e0787c (webtiles) character file.

Game seed: 11312421297135510676

34 Goblin1989 the Sneak (level 3, -2/27 HPs)
             Began as a Demonspawn Brigand on Dec 2, 2021.
             Slain by a goblin (4 damage)
             ... on level 2 of the Dungeon.
             The game lasted 00:01:59 (1171 turns).

Goblin1989 the Sneak (Demonspawn Brigand)           Turns: 1171, Time: 00:02:00

Health: -2/27      AC:  3    Str: 13    XL:     3   Next: 14%
Magic:  3/3        EV: 11    Int: 12    God:
Gold:   13         SH:  0    Dex: 14    Spells: 2/2 levels left

rFire   . . .      SeeInvis .   a - +2 dagger
rCold   . . .      Faith    .   (no shield)
rNeg    . . .      Spirit   .   b - +0 robe
rPois   .          Reflect  .   (helmet restricted)
rElec   .          Harm     .   c - +0 cloak
rCorr   .          Rampage  .   (no gloves)
Will    .....                   (no boots)
Stlth   ++........              (no amulet)
HPRegen 0.09/turn               (no ring)
MPRegen 0.08/turn               (no ring)

@: no status effects
A: horns 1
a: no special abilities


You were on level 2 of the Dungeon.
You visited 1 branch of the dungeon, and saw 2 of its levels.

You collected 13 gold pieces.

Inventory:

Hand Weapons
 a - a +2 dagger (weapon)
Missiles
 d - 7 poisoned darts (quivered)
Armour
 b - a +0 robe (worn)
 c - a +0 cloak (worn)
 g - a +0 pair of boots
Scrolls
 h - a scroll of teleportation {unknown}
Potions
 f - 2 potions of curing {unknown}


   Skills:
 - Level 2.0 Fighting
 + Level 3.3 Short Blades
 - Level 1.7 Throwing
 - Level 0.8 Dodging
 - Level 3.6 Stealth


You had 2 spell levels left.
You didn't know any spells.
Your spell library was empty.

Dungeon Overview and Level Annotations

Branches:
Dungeon (2/15)

Altars:

Shops:
D:1 !


Innate Abilities, Weirdness & Mutations

You have a pair of small horns on your head.


Message History

Done exploring.
(D) Dungeon
Where to? (? - help)
There is a stone staircase leading down here.
You climb downwards.
There is a stone staircase leading up here.
A ball python is nearby!
A ball python and a giant cockroach come into view.
The ball python hisses angrily.
A goblin comes into view. It is wielding a +0 club.
The goblin shouts!
The ball python hisses angrily.
The ball python barely misses you. The ball python grabs you.
The ball python constricts you. The ball python bites you.
The ball python constricts you.
You take 1 damage, and have 26/27 hp.
You escape the ball python's grasp.
The ball python bites you. The ball python closely misses you.
You take 1 damage, and have 25/27 hp.
The ball python bites you. The ball python misses you.
There is a stone staircase leading up here.
You take 3 damage, and have 23/27 hp.
The ball python bites you. The ball python grabs you.
You stop ascending the stairs.
The ball python constricts you. The ball python bites you.
The ball python misses you. The ball python constricts you.
You take 3 damage, and have 20/27 hp.
Unknown command.
You escape the ball python's grasp.
The ball python bites you. The ball python grabs you.
You stop ascending the stairs.
The ball python constricts you.
You take 3 damage, and have 17/27 hp.
Unknown command.
Unknown command.
You barely miss the ball python. The ball python barely misses you.
The ball python bites you but does no damage.
The ball python constricts you. The goblin hits you with a +0 club.
You take 2 damage, and have 15/27 hp.
You hit the ball python but do no damage.
The ball python bites you but does no damage.
The ball python bites you. The ball python constricts you.
The goblin completely misses you.
You take 2 damage, and have 13/27 hp.
You barely miss the ball python. Your headbutt misses the ball python.
The ball python bites you but does no damage.
The ball python closely misses you. The ball python constricts you.
* * * LOW HITPOINT WARNING * * *
The goblin hits you with a +0 club.
* * * LOW HITPOINT WARNING * * *
You take 5 damage, and have 8/27 hp.
You closely miss the ball python. The ball python barely misses you.
The ball python bites you.
* * * LOW HITPOINT WARNING * * *
The ball python constricts you.
You take 1 damage, and have 7/27 hp.
Throw: 2 darts (curare)
Press: ? - help, Q - select action, (/) - cycle Shift-Dir - straight line, f - ball python
Aim: a ball python (constricting you, 55% to hit)
You throw a curare-tipped dart.
The curare-tipped dart hits the ball python.
The ball python is poisoned.
The ball python convulses.
You kill the ball python!
The ball python misses you. The ball python grabs you.
The ball python constricts you. The goblin hits you with a +0 club.
* * * LOW HITPOINT WARNING * * *
You take 2 damage, and have 5/27 hp.
Throw: dart (curare)
Press: ? - help, Q - select action, (/) - cycle Shift-Dir - straight line, f - ball python
Aim: a ball python (constricting you, 55% to hit)
You throw a curare-tipped dart.
The curare-tipped dart barely misses the ball python.
The ball python bites you but does no damage.
The ball python constricts you. The goblin hits you but does no damage.
The ball python barely misses you. The ball python constricts you.
* * * LOW HITPOINT WARNING * * *
You take 1 damage, and have 4/27 hp.
Throw: 8 darts (poison)
Press: ? - help, Q - select action Shift-Dir - straight line, f/p - ball python
Aim: a ball python (constricting you, 55% to hit)
You throw a poisoned dart. The poisoned dart hits the ball python.
The ball python is poisoned.
The goblin hits you with a +0 club.
* * * LOW HITPOINT WARNING * * *
The ball python bites you.
* * * LOW HITPOINT WARNING * * *
The ball python constricts you.
You take 1 damage, and have 3/27 hp.
You barely miss the ball python.
The ball python is moderately wounded.
The goblin barely misses you.
The ball python bites you but does no damage.
The ball python constricts you.
* * * LOW HITPOINT WARNING * * *
You take 1 damage, and have 2/27 hp.
You hit the ball python.
You kill the ball python!
The goblin hits you with a +0 club.
You die...

█. █ █. █ █...
█.██.█.
█......██████████
█......█........█
..............g.█
..............(@█
..............(.█
.............(..█
█.██.....████████
█ █.█████ █. █


You could see a goblin.

Vanquished Creatures
  3 dart slugs (D:1)
  4 bats (D:1)
  2 endoplasms (D:1)
  A giant cockroach (D:1)
  3 hobgoblins (D:1)
  2 jackals (D:1)
  A quokka (D:1)
  2 ball pythons (D:2)
  A frilled lizard (D:1)
  3 goblins (D:1)
  4 kobolds (D:1)
26 creatures vanquished.

Notes
Turn   | Place    | Note
-------+----------+-------------------------------------------
     0 | D:1      | Goblin1989 the Demonspawn Brigand began the quest for the
                  | Orb.
     0 | D:1      | Reached XP level 1. HP: 16/16 MP: 1/1
   184 | D:1      | Gained mutation: You have a pair of small horns on your
                  | head. [demonic ancestry]
   184 | D:1      | Reached XP level 2. HP: 20/22 MP: 2/2
   607 | D:1      | Reached XP level 3. HP: 2/27 MP: 3/3
   931 | D:1      | Found Jafiast's Distillery.
  1171 | D:2      | Slain by a goblin

Illustrated notes

Levels and vault maps discovered:
D:1:      giann_bridges, layout_loops_ring, serial_shops, nicolae_square_shop,
          st_stairs_1, amcnicky_mini_pool_small
D:2:      layout_loops_cross, basic_altar, uniq_robin

Skill      XL: |  1  2 |
---------------+-------+-----
Short Blades   | 2 3 |  3.3
Fighting       | |  2.0
Throwing       | |  1.7
Dodging        | |  0.8
Stealth        | |  3.6

Action                   || total
-------------------------++-------
Melee: Dagger            ||    63
       Headbutt          ||     3
Throw: Dart              ||     3
 Stab: Sleeping          ||     5
Armor: Robe              ||    22
Dodge: Dodged            ||    41

Table legend: (Time is in decaauts)
 A = Elapsed time spent in this place.
 B = Non-inter-level travel time spent in this place.
 C = Inter-level travel time spent in this place.
 D = Time resting spent in this place.
 E = Time spent auto-exploring this place.
 F = Levels seen in this place.
 G = Mean time per level.
                   A        B        C        D        E       F      G
               +--------+--------+--------+--------+--------+-----+--------+
         Total |   1162 |   1151 |     11 |      0 |    963 |   2 |  581.0 |
       Dungeon |   1162 |   1151 |     11 |      0 |    963 |   2 |  581.0 |
               +--------+--------+--------+--------+--------+-----+--------+

Top non-repeatable levels by time:
     D:1: 1136 daAuts
     D:2: 25 daAuts
